 Dungeon Crawl Stone Soup version 0.26-b1-32-g5d43845318 (webtiles) character file.

Game seed: 3965251861610247299

10867 night the Grappler (level 11, -1/111 HPs)
             Began as a Troll Fighter on Jan 11, 2021.
             Was an Elder of Nemelex Xobeh.
             Slain by an orc warlord
             ... wielding a +2 war axe of electrocution
              (24 damage)
             ... in a bailey.
             The game lasted 00:22:33 (8050 turns).

night the Grappler (Troll Fighter)                  Turns: 8050, Time: 00:22:34

Health: -1/111     AC:  8    Str: 29    XL:     11   Next: 41%
Magic:  15/15      EV:  8    Int:  4    God:    Nemelex Xobeh [****..]
Gold:   472        SH: 14    Dex:  9    Spells: 10/10 levels left

rFire    . . .     SeeInvis .     - Unarmed
rCold    . . .     Faith    .   b - +0 kite shield
rNeg     + . .     Spirit   .   a - +0 robe
rPois    .         Reflect  +   (helmet restricted)
rElec    .         Harm     .   G - +1 cloak
rCorr    .         Rampage  .   (gloves unavailable)
Will     .....                  (boots unavailable)
Stlth    ++........             K - amulet of reflection
HPRegen  0.68/turn              n - ring of positive energy
MPRegen  0.14/turn              p - ring of stealth

@: no status effects
A: large, unfitting armour, claws 3, regeneration 1, shaggy fur 1, tough skin 3
a: Renounce Religion, Draw Escape, Draw Destruction, Draw Summoning, Triple
Draw, Deal Four


You were in a bailey.
You worshipped Nemelex Xobeh.
Nemelex Xobeh was greatly pleased with you.
You visited 2 branches of the dungeon, and saw 12 of its levels.
You also visited: Bailey.

You collected 615 gold pieces.
You spent 143 gold pieces at shops.

Inventory:

Hand Weapons
 I - a +5 morningstar
Missiles
 f - 3 throwing nets
 z - 2 boomerangs (quivered)
Armour
 a - a +0 robe (worn)
 b - a +0 kite shield (worn)
 i - a scarf of repulsion
 G - a +1 cloak (worn)
Jewellery
 g - an uncursed ring of wizardry
 j - an uncursed ring of positive energy
 n - a ring of positive energy (left claw)
 o - a +6 ring of intelligence
 p - a ring of stealth (right claw)
 K - an amulet of reflection (around neck)
Wands
 y - a wand of random effects (19)
 C - a wand of paralysis (15)
 E - a wand of polymorph (8)
 H - a wand of acid (10)
 J - a wand of disintegration (11)
Scrolls
 k - 2 scrolls of amnesia {unknown}
 l - 3 scrolls of enchant armour {unknown}
 m - 2 scrolls of remove curse
 r - a scroll of fog {unknown}
 s - 2 scrolls of noise {unknown}
 t - 3 scrolls of teleportation
 w - a scroll of enchant weapon
 B - 2 scrolls of blinking
 F - a scroll of immolation {unknown}
Potions
 c - a potion of might
 d - 3 potions of haste
 e - 3 potions of heal wounds
 h - 3 potions of attraction
 q - 2 potions of magic {unknown}
 u - 4 potions of curing
 v - 3 potions of degeneration
 x - 3 potions of lignification
 A - 2 potions of berserk rage
 D - 2 potions of flight
 L - a potion of resistance {unknown}


   Skills:
 + Level 8.2 Fighting
 - Level 2.4 Dodging
 + Level 3.2 Shields
 * Level 12.9 Unarmed Combat
 + Level 7.4 Invocations


You had 10 spell levels left.
You didn't know any spells.
Your spell library contained the following spells:

 Spells                   Type           Power        Failure   Level
 Foxfire                  Conj/Fire      0%           89%         1
 Conjure Flame            Conj/Fire      0%           99%         3
 Inner Flame              Hex/Fire       0%           99%         3
 Sticky Flame             Conj/Fire      0%           100%        4
 Fireball                 Conj/Fire      0%           100%        5


Dungeon Overview and Level Annotations

Branches:
Dungeon (13/15)            Temple (1/1) D:4            Lair (0/6) D:9
    Orc (0/2) D:10         Vaults (0/5) D:13         Bailey (1/1)

Altars:
Ashenzari
Cheibriados
Dithmenos
Elyvilon
Fedhas
Gozag
Hepliaklqana
Kikubaaqudgha
Makhleb
Nemelex Xobeh
Okawaru
Qazlal
Ru
Sif Muna
Trog
Uskayaw
Vehumet
Wu Jian
Xom
Yredelemnul
Zin
The Shining One

Shops:
D:6 !   D:9 =

Annotations:
Abyss:1 Joseph


Innate Abilities, Weirdness & Mutations

You are too large for most types of armour.
You have claws for hands.
Your natural rate of healing is unusually fast.
You are covered in fur. (AC +1)
You have extremely tough skin. (AC +3)


Message History

The orc warlord seems to be corroded for longer.
The orc warlord is heavily wounded.
Evoke which item? (* to show all) (? for menu, Esc to quit)
Aiming: Corrosive Bolt
Press: ? - help, Shift-Dir - straight line, f/p - orc warlord
Aim: an orc warlord, wielding a +2 war axe of electrocution and wearing a +0 chain mail (heavily wounded, strong, poisoned, covered in acid, 21% to evade)
The bolt of acid hits the orc warlord!
The orc warlord is splashed with acid.
The orc warlord seems to be corroded for longer.
The orc warlord is severely wounded.
You mangle the orc warlord!!
The orc warlord is almost dead.
The orc hits your +2 executioner's axe "Jatexzosu" {vorpal, rF+ Int+7 Dex+2} but does no damage.
The orc warlord hits you with a +2 war axe of electrocution!!
* * * LOW HITPOINT WARNING * * *
You scratch the orc warlord.
The orc warlord is almost dead.
The orc warlord looks more healthy.
The orc warlord hits you with a +2 war axe of electrocution!!
You die...
Your body glows slightly and disappears.

####### ##..∩..##
#.......# ##.......##
#.........# ##.........##
#####.....⌠.....#######
....##).......o##.....##
.....)).....)(go@......#
.....##....).)##)......##
......#....g..#.........#
......##88.88##.........##
.⌠.....###o###.....⌠.....#
......###oo.###.........##
......#.gog.g.#.........#
.....##.......##.......##
))...#.......o.#.......#


You could see an orc warlord (strong, corroded), an orc warrior (strong), a
hobgoblin (slow), a goblin and a friendly +2 executioner's axe "Jatexzosu"
{vorpal, rF+ Int+7 Dex+2} (summoned).

Vanquished Creatures
  Harold (D:7)
  4 two-headed ogres
  2 orc knights (Bailey)
  Maurice (D:9)
  A kobold demonologist (D:13)
  A troll (D:9)
  Grinder (D:4)
  2 hornets
  A wyvern (D:13)
  A wraith (D:10)
  A shadow (D:10)
  A water moccasin (D:10)
  3 orc warriors (Bailey)
  A phantom (D:10)
  2 sky beasts
  An ogre (D:6)
  3 centaurs
  2 wolves (D:9)
  5 big kobolds
  6 bullfrogs
  2 gnoll sergeants
  3 troll zombies (D:10)
  8 wights (D:9)
  8 howler monkeys
  A centaur skeleton (D:6)
  7 orc priests
  2 bullfrog skeletons
  2 jellies
  7 hounds
  8 orc wizards
  Jessica (D:3)
  11 worker ants
  2 killer bee zombies
  4 ogre zombies (D:10)
  A hound skeleton (D:6)
  A worker ant zombie (D:7)
  29 gnolls
  11 adders
  A shadow imp (D:2)
  A white imp (D:6)
  4 ufetubi
  An ooze (D:1)
  An adder skeleton (D:10)
  4 worms
  2 dart slugs
  5 leopard geckos
  38 orcs
  4 ball pythons (D:3)
  2 giant cockroaches
  21 goblins
  31 hobgoblins
  5 jackals (D:3)
  5 quokkas
  7 bats
  2 frilled lizards
  2 goblin skeletons (D:10)
  A hobgoblin skeleton (D:10)
  4 hobgoblin zombies (D:10)
  11 kobolds
  3 orc skeletons (D:10)
  12 orc zombies (D:10)
  A quokka skeleton (D:4)
  2 rats
318 creatures vanquished.

Vanquished Creatures (collateral kills)
  An ogre zombie (D:10)
  An orc skeleton (D:10)
  An orc zombie (D:10)
3 creatures vanquished.

Vanquished Creatures (others)
  A wizard (D:6)
  A fungus (D:3)
2 creatures vanquished.

Grand Total: 323 creatures vanquished

Notes
Turn   | Place    | Note
-------+----------+-------------------------------------------
     0 | D:1      | night the Troll Fighter began the quest for the Orb.
     0 | D:1      | Reached XP level 1. HP: 22/22 MP: 0/0
    65 | D:1      | Reached XP level 2. HP: 25/29 MP: 1/1
   402 | D:1      | Reached skill level 3 in Unarmed Combat
   454 | D:1      | Reached XP level 3. HP: 36/36 MP: 2/2
   846 | D:2      | Reached XP level 4. HP: 36/45 MP: 3/3
  1324 | D:2      | Reached skill level 4 in Unarmed Combat
  1349 | D:3      | Reached XP level 5. HP: 45/53 MP: 4/4
  1609 | D:3      | Reached skill level 5 in Unarmed Combat
  1937 | D:3      | Noticed Jessica
  1945 | D:3      | Killed Jessica
  1946 | D:3      | Reached XP level 6. HP: 57/62 MP: 5/5
  2113 | D:4      | Noticed Grinder
  2118 | D:4      | Paralysed by Grinder for 2 turns
  2125 | D:4      | Paralysed by Grinder for 7 turns
  2140 | D:4      | Paralysed by Grinder for 6 turns
  2146 | D:4      | Killed Grinder
  2147 | D:4      | Reached skill level 6 in Unarmed Combat
  2300 | D:4      | Reached XP level 7. HP: 56/70 MP: 6/6
  2355 | D:4      | Found a staircase to the Ecumenical Temple.
  2374 | Temple   | Entered the Ecumenical Temple
  2646 | Temple   | Became a worshipper of Nemelex Xobeh the Trickster
  2974 | D:5      | Entered Level 5 of the Dungeon
  3012 | D:5      | Reached skill level 1 in Invocations
  3165 | D:5      | Reached * piety under Nemelex Xobeh
  3191 | D:5      | Reached skill level 7 in Unarmed Combat
  3561 | D:6      | Reached XP level 8. HP: 78/79 MP: 8/8
  3653 | D:6      | Reached skill level 5 in Fighting
  3723 | D:6      | Received a gift from Nemelex Xobeh
  3850 | D:6      | Found Jeyjaeny's Distillery.
  3858 | D:6      | Bought 2 potions of curing for 78 gold pieces
  3858 | D:6      | Bought a potion of heal wounds for 65 gold pieces
  3869 | D:6      | Reached skill level 8 in Unarmed Combat
  4040 | D:6      | Found a bloodstained altar of Trog.
  4049 | D:6      | Noticed a wizard
  4055 | D:6      | Killed a wizard
  4561 | D:7      | You fall into a shaft and drop 2 floors!
  4561 | D:9      | Noticed a troll
  4571 | D:8      | Reached ** piety under Nemelex Xobeh
  4966 | D:7      | Noticed Harold
  4977 | D:7      | Killed Harold
  4978 | D:7      | Reached skill level 9 in Unarmed Combat
  4978 | D:7      | Reached XP level 9. HP: 71/89 MP: 9/11
  5524 | D:8      | Reached skill level 10 in Unarmed Combat
  5535 | D:8      | Noticed a two-headed ogre
  5543 | D:8      | Killed a two-headed ogre
  5544 | D:8      | Reached skill level 5 in Invocations
  5587 | D:8      | Noticed a two-headed ogre
  5596 | D:8      | Killed a two-headed ogre
  5597 | D:8      | Reached XP level 10. HP: 86/100 MP: 11/13
  5654 | D:8      | Found a sparkling altar of Nemelex Xobeh.
  5718 | D:8      | Received a gift from Nemelex Xobeh
  5768 | D:8      | Noticed Joseph
  5780 | D:8      | Banished Joseph
  5781 | D:8      | Reached skill level 11 in Unarmed Combat
  6000 | D:8      | Found a stormy altar of Qazlal.
  6002 | D:8      | Found a shimmering altar of Xom.
  6002 | D:8      | Found a hazy altar of Hepliaklqana.
  6004 | D:8      | Found an opulent altar of Gozag.
  6004 | D:8      | Found a hazy altar of Hepliaklqana.
  6004 | D:8      | Found a shimmering altar of Xom.
  6065 | D:9      | Noticed Maurice
  6074 | D:9      | Killed Maurice
  6174 | D:9      | Found a staircase to the Lair.
  6307 | D:9      | Reached *** piety under Nemelex Xobeh
  6315 | D:9      | Found Qytz's Jewellery Shop.
  6556 | D:9      | Noticed a two-headed ogre
  6566 | D:9      | Killed a two-headed ogre
  6567 | D:9      | Reached skill level 12 in Unarmed Combat
  6660 | D:9      | Found a shimmering blue altar of Sif Muna.
  6689 | D:10     | Entered Level 10 of the Dungeon
  6927 | D:10     | Found a staircase to the Orcish Mines.
  7113 | D:10     | Reached XP level 11. HP: 108/111 MP: 15/15
  7119 | D:10     | Noticed a two-headed ogre
  7130 | D:10     | Killed a two-headed ogre
  7547 | D:10     | You fall into a shaft and drop 3 floors!
  7547 | D:13     | Reached **** piety under Nemelex Xobeh
  7585 | D:13     | Noticed a sun demon
  7609 | D:13     | Found a gate to the Vaults.
  7664 | D:13     | Found a flagged portal.
  7678 | Bailey   | Entered a bailey
  8026 | Bailey   | Noticed an orc knight
  8026 | Bailey   | Noticed an orc warlord
  8027 | Bailey   | Noticed an orc knight
  8033 | Bailey   | Identified the +2 executioner's axe "Jatexzosu" {vorpal,
                  | rF+ Int+7 Dex+2}
  8046 | Bailey   | Killed an orc knight
  8047 | Bailey   | Killed an orc knight
  8050 | Bailey   | Slain by an orc warlord

Illustrated notes

Levels and vault maps discovered:
D:1:      lemuel_arrival_lava_pool, layout_basic, minmay_misc_feat_roman
D:2:      layout_rooms
D:3:      layout_basic, minmay_shallow_snake_nest, uniq_jessica
D:4:      layout_rooms, minmay_temple_entry_proselytizer, uniq_grinder
D:5:      layout_loops_ring
D:6:      layout_basic, serial_shops, shop, trog_wizard
D:7:      layout_basic, uniq_harold
D:8:      layout_rooms, basic_altar, doesnt_xom_only_xom, uniq_joseph
D:9:      layout_roguey, general_overflow_altar, erik_lair_island, serial_shops,
          nicolae_shop_window_shopping, uniq_maurice
D:10:     layout_basic, zombieorc2_lemuel
D:13:     layout_irregular_city, hangedman_vaults_entry_quadrant_bands,
          enter_bailey_4
Temple:   compressed_dpeg_triangle_lava_temple
Bailey:   bailey_axe_minmay_hex_keep, bailey

Skill      XL: |  1  2  3  4  5  6  7  8  9 10 11 |
---------------+----------------------------------+-----
Unarmed Combat | 3 4 5 6 7 9 10 12 | 12.9
Fighting       | 3 4 6 7 8 |  8.2
Invocations    | 2 4 5 6 7 |  7.4
Shields        | 3 |  3.2
Dodging        | |  2.4

Action                   |  1- 3 |  4- 6 |  7- 9 | 10-12 || total
-------------------------+-------+-------+-------+-------++-------
Melee: Unarmed           |   115 |   142 |   193 |   429 ||   879
Throw: Boomerang         |       |       |     4 |     5 ||     9
Invok: Draw Destruction  |       |       |     3 |     7 ||    10
       Draw Summoning    |       |       |       |     2 ||     2
       Draw Escape       |       |       |       |     1 ||     1
Evoke: Wand              |       |       |       |     5 ||     5
  Use: Scroll            |       |     6 |     8 |     6 ||    20
 Stab: Sleeping          |       |       |     1 |     1 ||     2
       Paralysed         |       |       |       |     4 ||     4
Armor: Robe              |    47 |    26 |    37 |   106 ||   216
Dodge: Dodged            |    37 |    40 |    47 |   102 ||   226
Block: Kite shield       |    58 |    58 |    82 |   214 ||   412
       Reflection        |       |       |       |     5 ||     5
